 Dungeon Crawl Stone Soup version 0.29.1-12-g30fa7ad0bf (webtiles) character file.

Game seed: 10858453817752531651

47 MisterFreud the Ducker (level 3, 0/17 HPs)
             Began as a Felid Berserker on Dec 28, 2022.
             Was a Believer of Trog.
             Slain by Natasha (9 damage)
             ... on level 2 of the Dungeon.
             The game lasted 00:01:31 (2073 turns).

MisterFreud the Ducker (Felid Berserker)            Turns: 2073, Time: 00:01:33

Health: 0/17       AC:  1    Str: 13    XL:     3   Next: 48%
Magic:  4/4        EV: 18    Int:  8    God:    Trog [**....]
Gold:   122        SH:  0    Dex: 17    Spells: 2/2 levels left
                                        Lives:  0   Deaths: 0

rFire   . . .      SeeInvis +     - Unarmed
rCold   . . .      Faith    .   (shield unavailable)
rNeg    . . .      Spirit   .   (body armour unavailable)
rPois   .          Reflect  .   (helmet unavailable)
rElec   .          Harm     .   (cloak unavailable)
rCorr   .          Rampage  .   (gloves unavailable)
Will    .....                   (boots unavailable)
Stlth   ++........              (no amulet)
HPRegen 0.05/turn               (no ring)
MPRegen 0.09/turn               (no ring)

@: slowed, slow
A: very small, claws 1, fangs 3, see invisible, speed 1, shaggy fur 1, stealthy
paws, no weapons or thrown items, no armour, multi-lived
a: Renounce Religion, Berserk, Trog's Hand


You were on level 2 of the Dungeon.
You worshipped Trog.
Trog was pleased with you.
You visited 1 branch of the dungeon, and saw 2 of its levels.

You collected 122 gold pieces.

Inventory:

Jewellery
 e - a ring of fire
Scrolls
 f - 2 scrolls of enchant armour
 g - a scroll of brand weapon {unknown}
 j - 2 scrolls of identify
Potions
 a - a potion of might
 b - a potion of mutation {unknown}
 c - 2 potions of berserk rage {unknown}
 d - a potion of brilliance {unknown}
 h - a potion of curing {unknown}
 i - a potion of flight {unknown}


   Skills:
 - Level 3.0 Fighting
 - Level 4.0 Dodging
 + Level 3.2 Stealth
 + Level 3.8 Unarmed Combat


You had 2 spell levels left.
You didn't know any spells.
Your spell library was empty.

Dungeon Overview and Level Annotations

Branches:
Dungeon (2/15)

Altars:

Annotations:
D:2 Natasha


Innate Abilities, Weirdness & Mutations

You have sharp claws.
You have razor-sharp teeth.
You have supernaturally acute eyesight. (SInv)
You cover ground quickly. (Speed+)
You are covered in fur. (AC +1)
Your paws help you pounce on unaware monsters.
You are incapable of wielding weapons or throwing items.
You cannot wear armour.
You gain extra lives every three experience levels.


Message History

No target in view!
There is an escape hatch in the floor here.
c - 2 fizzy green potions (gained 1)
Found a stone staircase leading up.
No target in view!
You open the door.
Found a scale mail.
No target in view!
There is an open door here.
j - 2 scrolls of identify (gained 1)
i - a glowing dark potion No target in view!
You open the door.
There is an open door here.
Natasha, Servant of Life and Death comes into view.
Found 9 gold pieces.
Natasha mewls in sadness.
Natasha casts a spell.
Natasha is nearby!
Natasha is nearby!
You scratch Natasha.
Natasha is moderately wounded.
Natasha casts a spell at you.
You feel yourself slow down.
You barely miss Natasha.
Natasha is moderately wounded.
The crimson imp blinks!
Natasha misses you.
You closely miss Natasha.
Natasha is moderately wounded.
Natasha misses you.
The crimson imp blinks!
Natasha closely misses you.
You barely miss Natasha.
Natasha is moderately wounded.
Natasha claws you!
You scratch Natasha.
Natasha is moderately wounded.
Natasha howls an incantation.
Natasha's front paws start to glow.
Natasha claws you!
Ouch! That really hurt!
You die...

##########
#######........#
#$.....ยง######.#
##### #.#####@#
#.### #.... #h#
#.#.###.### ...
#.........# ##.##
#.....#.#.# #..
...........#.#
#.# ######.#.###
# ..# #.#... ###
#.##### ##+#


You could see Natasha.

Vanquished Creatures
  A dart slug (D:2)
  2 orcs
  6 ball pythons
  6 endoplasms
  A giant cockroach (D:1)
  4 goblins
  4 hobgoblins
  A quokka (D:1)
  2 bats
  3 frilled lizards (D:1)
  7 kobolds
  4 rats
41 creatures vanquished.

Notes
Turn   | Place    | Note
-------+----------+-------------------------------------------
     0 | D:1      | MisterFreud the Felid Berserker began the quest for the
                  | Orb.
     0 | D:1      | Reached XP level 1. HP: 10/10 MP: 2/2
    30 | D:1      | Reached skill level 1 in Stealth
   153 | D:1      | Reached XP level 2. HP: 13/14 MP: 3/3
   312 | D:1      | Found a faded altar of an unknown god.
   930 | D:1      | Reached XP level 3. HP: 17/17 MP: 4/4
  1468 | D:2      | Reached ** piety under Trog
  2066 | D:2      | Noticed Natasha
  2073 | D:2      | Slain by Natasha

Illustrated notes

Levels and vault maps discovered:
D:1:      lightli_arrival_statuegarden, layout_basic,
          dreamdust_ecumenical_altar_grove
D:2:      layout_loops_corners, amethyst_killhole, uniq_natasha,
          uniq_crazy_yiuf_cottage

Skill      XL: |  1  2  3 |
---------------+----------+-----
Stealth        | 1 2 3 |  3.2
Fighting       | |  3.0
Dodging        | |  4.0
Unarmed Combat | |  3.8

Action                   || total
-------------------------++-------
Melee: Unarmed           ||    90
       Bite              ||     6
  Use: Scroll            ||     5
 Stab: Sleeping          ||    10
Armor: Skin              ||     4
Dodge: Dodged            ||    57
